[ AOE2 MATCH · #494927238 ]
UnrankedBurgundians vs Spanish
Player's team · LOSS
Rival team · WIN
[ REPLAY ANALYSIS · EXTRACTED FROM THE RECORDED GAME ]
Feudal
11:02
Castle
—
Imperial
—
| APM avg | 85.5 |
| APM peak | 135 |
| eAPM avg | 56.2 |
| Villagers / military | 46 / 0 |
Focus
⚔️ 41.4% · 🌾 58.6%
Feudal
8:03
Castle
—
Imperial
—
| APM avg | 67.0 |
| APM peak | 101 |
| eAPM avg | 39.7 |
| Villagers / military | 39 / 0 |
Focus
⚔️ 53.6% · 🌾 46.4%
Match map
Initial resources + every placement click. Lines = walls · curves = elevation contours. ◆ gold · ⬟ stone · ● berries · ✦ relic · ◌ wall gap
Your base· ✓ Closed at 12:00 · 47t walls · 2 gate(s)
jcdanzig's base· ✓ Closed at 12:00 · 9t walls · 2 gate(s)
Smoothed initial terrain · ◌ = detected wall gap · hover for details
Inputs per minute
— OS+ | NecksZy - - jcdanzig
Build order — OS+ | NecksZy
86 actions detected in the replay
| 0:00 | Queue | Villager (Male) |
| 0:02 | Build | House |
| 0:02 | Build | House |
| 0:24 | Queue | Villager (Male) |
| 0:24 | Queue | Villager (Male) |
| 0:24 | Queue | Villager (Male) |
| 1:34 | Queue | Villager (Male) |
| 1:34 | Queue | Villager (Male) |
| 1:43 | Build | Lumber Camp |
| 1:50 | Queue | Villager (Male) |
| 1:51 | Queue | Villager (Male) |
| 2:14 | Queue | Villager (Male) |
| 2:51 | Queue | Villager (Male) |
| 3:04 | Queue | Villager (Male) |
| 3:37 | Build | House |
| 3:38 | Build | House |
| 3:40 | Queue | Villager (Male) |
| 3:57 | Queue | Villager (Male) |
| 4:11 | Research | Double-Bit Axe |
| 4:27 | Queue | Villager (Male) |
| 4:45 | Queue | Villager (Male) |
| 4:50 | Build | House |
| 4:54 | Build | Palisade Wall |
| 4:54 | Build | Palisade Wall |
| 5:02 | Queue | Villager (Male) |
| 5:03 | Queue | Villager (Male) |
| 5:33 | Queue | Villager (Male) |
| 5:33 | Queue | Villager (Male) |
| 5:51 | Build | Mill |
| 5:53 | Build | Mill |
| 6:13 | Queue | Villager (Male) |
| 6:13 | Queue | Villager (Male) |
| 6:40 | Queue | Villager (Male) |
| 6:40 | Queue | Villager (Male) |
| 6:47 | Queue | Villager (Male) |
| 6:47 | Queue | Villager (Male) |
| 6:53 | Queue | Villager (Male) |
| 6:53 | Queue | Villager (Male) |
| 7:46 | Queue | Villager (Male) |
| 8:16 | Build | Palisade Wall |
| 8:20 | Build | House |
| 8:21 | Build | Palisade Wall |
| 8:25 | Queue | Villager (Male) |
| 8:32 | Queue | Villager (Male) |
| 8:52 | Research | Feudal Age |
| 8:58 | Build | Mining Camp |
| 9:18 | Build | Palisade Wall |
| 9:27 | Build | Palisade Wall |
| 9:29 | Build | Palisade Wall |
| 9:29 | Build | Palisade Wall |
| 9:30 | Build | Palisade Wall |
| 9:32 | Queue | Villager (Male) |
| 10:02 | Queue | Villager (Male) |
| 10:10 | Research | Horse Collar |
| 11:02 | Age | Feudal Age |
| 11:06 | Research | Loom |
| 11:08 | Queue | Villager (Male) |
| 11:25 | Build | Stone Wall |
| 11:53 | Queue | Villager (Male) |
| 12:15 | Build | Watch Tower |
| 12:30 | Queue | Villager (Male) |
| 12:54 | Build | Blacksmith |
| 13:12 | Queue | Villager (Male) |
| 13:12 | Queue | Villager (Male) |
| 13:12 | Queue | Villager (Male) |
| 13:14 | Build | House |
| 13:20 | Build | Lumber Camp |
| 13:23 | Queue | Villager (Male) |
| 13:43 | Research | Fletching |
| 13:44 | Queue | Villager (Male) |
| 13:52 | Build | Mining Camp |
| 13:54 | Build | Market |
| 14:07 | Queue | Villager (Male) |
| 14:32 | Queue | Villager (Male) |
| 14:34 | Build | Mining Camp |
| 14:37 | Queue | Villager (Male) |
| 14:58 | Build | Lumber Camp |
| 15:05 | Build | Farm |
| 15:05 | Build | Farm |
| 15:17 | Queue | Villager (Male) |
| 15:17 | Queue | Villager (Male) |
| 15:41 | Queue | Villager (Male) |
| 15:50 | Build | Farm |
| 15:53 | Build | Farm |
| 15:55 | Build | Farm |
| 15:57 | Build | Farm |
Build order — jcdanzig
84 actions detected in the replay
| 0:00 | Queue | Villager (Male) |
| 0:00 | Queue | Villager (Male) |
| 0:02 | Build | House |
| 0:02 | Build | House |
| 0:12 | Queue | Villager (Male) |
| 0:12 | Queue | Villager (Male) |
| 1:19 | Build | House |
| 1:28 | Queue | Villager (Male) |
| 1:33 | Build | Lumber Camp |
| 1:48 | Queue | Villager (Male) |
| 2:18 | Queue | Villager (Male) |
| 2:51 | Queue | Villager (Male) |
| 2:52 | Queue | Villager (Male) |
| 3:10 | Queue | Villager (Male) |
| 3:40 | Queue | Villager (Male) |
| 4:09 | Queue | Villager (Male) |
| 4:48 | Queue | Villager (Male) |
| 4:49 | Queue | Villager (Male) |
| 4:49 | Queue | Villager (Male) |
| 4:49 | Queue | Villager (Male) |
| 5:12 | Build | Mining Camp |
| 5:53 | Research | Feudal Age |
| 6:00 | Build | House |
| 6:28 | Research | Loom |
| 6:28 | Research | Loom |
| 8:03 | Age | Feudal Age |
| 8:04 | Build | Watch Tower |
| 8:06 | Research | Double-Bit Axe |
| 8:06 | Queue | Villager (Male) |
| 8:40 | Queue | Villager (Male) |
| 8:40 | Queue | Villager (Male) |
| 8:51 | Queue | Villager (Male) |
| 8:51 | Queue | Villager (Male) |
| 8:59 | Build | Mill |
| 9:01 | Build | House |
| 9:22 | Build | House |
| 9:49 | Build | Watch Tower |
| 10:06 | Build | Outpost |
| 10:07 | Queue | Villager (Male) |
| 10:07 | Queue | Villager (Male) |
| 10:18 | Queue | Villager (Male) |
| 10:43 | Queue | Villager (Male) |
| 10:47 | Build | Farm |
| 10:48 | Build | Farm |
| 11:14 | Queue | Villager (Male) |
| 11:17 | Build | Watch Tower |
| 11:24 | Build | Stone Wall |
| 11:25 | Build | Stone Wall |
| 11:26 | Build | Stone Wall |
| 11:28 | Build | Stone Wall |
| 11:29 | Build | Stone Wall |
| 11:30 | Build | Stone Wall |
| 11:33 | Build | Stone Wall |
| 11:34 | Build | Stone Wall |
| 11:43 | Build | Stone Wall |
| 12:01 | Queue | Villager (Male) |
| 12:08 | Build | Stone Wall |
| 12:25 | Queue | Villager (Male) |
| 12:25 | Queue | Villager (Male) |
| 12:26 | Build | Blacksmith |
| 12:55 | Build | Farm |
| 12:57 | Build | Farm |
| 13:04 | Research | Fletching |
| 13:15 | Build | Farm |
| 13:17 | Build | House |
| 13:25 | Queue | Villager (Male) |
| 13:26 | Queue | Villager (Male) |
| 13:58 | Queue | Villager (Male) |
| 13:59 | Build | Farm |
| 14:01 | Build | Farm |
| 14:20 | Queue | Villager (Male) |
| 14:32 | Queue | Villager (Male) |
| 15:05 | Build | House |
| 15:07 | Build | House |
| 15:10 | Build | Farm |
| 15:11 | Build | Mining Camp |
| 15:12 | Queue | Villager (Male) |
| 15:12 | Queue | Villager (Male) |
| 15:18 | Queue | Villager (Male) |
| 15:26 | Build | House |
| 15:28 | Build | House |
| 15:54 | Queue | Villager (Male) |
| 15:55 | Queue | Villager (Male) |
| 16:01 | Build | Gate |
Match timeline
| 4:54 | OS+ | NecksZy · wall_segment Palisade Wall x1 |
| 4:54 | OS+ | NecksZy · wall_segment Palisade Wall x1 |
| 8:03 | jcdanzig · age_up feudal |
| 8:16 | OS+ | NecksZy · wall_segment Palisade Wall x12 |
| 8:21 | OS+ | NecksZy · wall_segment Palisade Wall x9 |
| 9:18 | OS+ | NecksZy · wall_segment Palisade Wall x12 |
| 9:27 | OS+ | NecksZy · wall_segment Palisade Wall x9 |
| 9:29 | OS+ | NecksZy · wall_segment Palisade Wall x1 |
| 9:29 | OS+ | NecksZy · wall_segment Palisade Wall x1 |
| 9:30 | OS+ | NecksZy · wall_segment Palisade Wall x1 |
| 11:02 | OS+ | NecksZy · age_up feudal |
| 11:24 | jcdanzig · wall_segment Stone Wall x1 |
| 11:25 | OS+ | NecksZy · wall_segment Stone Wall x1 |
| 11:25 | jcdanzig · wall_segment Stone Wall x1 |
| 11:26 | jcdanzig · wall_segment Stone Wall x1 |
| 11:28 | jcdanzig · wall_segment Stone Wall x1 |
| 11:29 | jcdanzig · wall_segment Stone Wall x1 |
| 11:30 | jcdanzig · wall_segment Stone Wall x1 |
| 11:33 | jcdanzig · wall_segment Stone Wall x1 |
| 11:34 | jcdanzig · wall_segment Stone Wall x1 |
| 11:43 | jcdanzig · wall_segment Stone Wall x1 |
| 12:08 | jcdanzig · wall_segment Stone Wall x1 |
| 15:09 | OS+ | NecksZy · first_market_buy 100 food |
| 16:06 | OS+ | NecksZy · resign |
[ AI ANALYSIS · 1 CREDIT ]
What really happened in this match?
Wolo.gg analyzes every decision: build order, eco, micro, common mistakes by bracket. Personalized analysis on WhatsApp or Discord in 30 seconds.
Civ guide
Burgundians
Perfil
Jugador #2709266